 Dungeon Crawl Stone Soup version 0.31-a0-496-g6f97920a28 (webtiles) character file.

Game seed: 10262290741085989709

2788 pokeman the Thaumaturge (level 9, 0/48 HPs)
             Began as a Deep Elf Hedge Wizard on Aug 9, 2023.
             Was a Believer of Vehumet.
             Slain by an orc wizard
             ... wielding a +0 club
              (4 damage)
             ... on level 8 of the Dungeon.
             The game lasted 00:15:39 (7998 turns).

pokeman the Thaumaturge (Deep Elf Hedge Wizard)     Turns: 7998, Time: 00:15:40

Health: 0/48       AC:  8    Str: 11    XL:     9   Next: 43%
Magic:  21/26      EV: 13    Int: 24    God:    Vehumet [**....]
Gold:   330        SH:  0    Dex: 17    Spells: 17/30 levels left

rFire   . . .        z - +5 whip "Gathedwi" {venom, rElec rPois Str+4 Dex+3}
rCold   . . .        (no shield)
rNeg    + . .        b - +0 robe
rPois   +            a - +2 helmet
rElec   +            (no cloak)
rCorr   .            C - +2 pair of gloves
SInv    .            (no boots)
Will    .....        v - amulet of magic regeneration
Stlth   ++           F - ring of positive energy
HPRegen 0.28/turn    (no ring)
MPRegen 0.60/turn

%: no passive effects
@: very slightly contaminated
A: no striking features
a: Renounce Religion


You were on level 8 of the Dungeon.
You worshipped Vehumet.
Vehumet was pleased with you.
You visited 1 branch of the dungeon, and saw 8 of its levels.

You collected 390 gold pieces.
You spent 60 gold pieces at shops.

Inventory:

Hand Weapons
 z - the +5 whip "Gathedwi" (weapon) {venom, rElec rPois Str+4 Dex+3}
   (You found it on level 5 of the Dungeon)

   Str:       It affects your strength (+4).
   Dex:       It affects your dexterity (+3).
   rElec:     It insulates you from electricity.
   rPois:     It protects you from poison.
Armour
 a - a +2 helmet (worn)
 b - a +0 robe (worn)
 e - a +0 pair of gloves
 y - a +0 buckler
 C - a +2 pair of gloves (worn)
Jewellery
 v - an amulet of magic regeneration (around neck)
 F - a ring of positive energy (left hand)
Wands
 A - a wand of charming (12)
 E - a wand of digging (2)
 H - a wand of mindburst (21)
 J - a wand of light (7)
 K - a wand of roots (15)
Scrolls
 c - a scroll of torment {unknown}
 f - a scroll of immolation {unknown}
 h - 2 scrolls of amnesia {unknown}
 i - 8 scrolls of identify {unknown}
 j - a scroll of fear {unknown}
 l - a scroll of fog {unknown}
 m - a scroll of silence {unknown}
 p - 3 scrolls of teleportation {unknown}
 q - 2 scrolls of enchant weapon {unknown}
 t - a scroll of revelation {unknown}
 u - 3 scrolls of noise {unknown}
 B - 2 scrolls of enchant armour {unknown}
 D - 2 scrolls of vulnerability {unknown}
Potions
 d - 3 potions of magic
 g - a potion of berserk rage {unknown}
 k - 5 potions of degeneration {unknown}
 n - 9 potions of curing
 o - a potion of attraction {unknown}
 r - 2 potions of haste {unknown}
 s - 3 potions of might {unknown}
 w - a potion of invisibility {unknown}
 x - a potion of brilliance {unknown}
 G - a potion of lignification {unknown}
 I - a potion of enlightenment {unknown}


   Skills:
 - Level 2.0 Fighting
 + Level 2.1 Armour
 - Level 3.0 Dodging
 - Level 3.0 Stealth
 - Level 3.0 Shields
 * Level 11.4 Spellcasting
 + Level 6.2 Conjurations
 - Level 1.1 Summonings
 - Level 1.1 Translocations
 + Level 5.5 Fire Magic
 - Level 1.0 Air Magic
 - Level 1.2 Poison Magic
 - Level 1.0 Evocations


You had 17 spell levels left.
You knew the following spells:

 Your Spells              Type           Power      Damage    Failure   Level
a - Magic Dart            Conj           100%       1d8       1%          1
b - Mephitic Cloud        Conj/Pois/Air  27%        N/A       4%          3
c - Call Imp              Summ           38%        N/A       4%          2
d - Blink                 Tloc           38%        N/A       4%          2
e - Fireball              Conj/Fire      21%        3d10      11%         5

Your spell library contained the following spells:

 Spells                   Type           Power      Damage    Failure   Level
 Foxfire                  Conj/Fire      100%       2x1d9     1%          1
 Momentum Strike          Conj/Tloc      62%        3d9       1%          2
 Searing Ray              Conj           86%        2d7       1%          2
 Apportation              Tloc           38%        N/A       3%          1
 Summon Small Mammal      Summ           76%        N/A       3%          1
 Dazzling Flash           Conj/Hex       56%        N/A       3%          3
 Necrotise                Necr           52%        1d6       4%          1
 Slow                     Hex            52%        N/A       4%          1
 Cigotuvi's Dreadful Rot  Necr/Pois/Air  34%        N/A       4%          2
 Lesser Beckoning         Tloc           38%        N/A       4%          2
 Fulminant Prism          Conj/Hex       14%        3d8       12%         4
 Confusing Touch          Hex            13%        N/A       14%         3
 Vampiric Draining        Necr           13%        2d6       14%         3
 Cause Fear               Hex            6%         N/A       41%         4
 Silence                  Hex/Air        8%         N/A       71%         5
 Agony                    Necr           13%        N/A       77%         5
 Dragon's Call            Summ           9%         N/A       100%        9


Dungeon Overview and Level Annotations

Branches:
Dungeon (8/15)             Temple (0/1) D:5
   Lair: D:8-11

Altars:
Makhleb
Vehumet

Shops:
D:4 ***

Annotations:
D:3 2 transporters, Rappanathuk's ghost, amateur HOFi
D:5 Loot behind rock


Message History

The bullfrog releases a deep croak.
The yak is engulfed in noxious fumes.
The yak appears confused.
Unknown command.
Unknown command.
You barely miss the yak.
The yak is engulfed in noxious fumes.
The yak appears confused.
The yak gores you!
The bullfrog is engulfed in noxious fumes.
The bullfrog appears confused.
The bullfrog hits the yak.
The bullfrog hits itself.
The yak is engulfed in noxious fumes.
The yak gores you.
Unknown command.
Unknown command.
Casting: Mephitic Cloud (dangerous; 4% risk of failure)
Confirm with . or Enter, or press ? or * to list all spells.
Aiming: Fireball (quite dangerous; 11% risk of failure)
Press: ? - help, Shift-Dir - straight line, p - yak You miscast Fireball.
You are very lightly contaminated with residual magic.
Nothing appears to happen.
The bullfrog is engulfed in noxious fumes.
The bullfrog appears confused.
The bullfrog hits the yak.
The bullfrog is engulfed in noxious fumes.
The bullfrog appears confused.
The bullfrog hits the yak!
The yak gores you!
Unknown command.
The orc wizard attacks as you move away!
The orc wizard barely misses you.
The bullfrog is engulfed in noxious fumes.
The bullfrog hits itself.
The bullfrog is engulfed in noxious fumes.
The bullfrog appears confused.
The bullfrog barely misses the yak.
You whack the orc wizard!
The orc wizard looks as sick as possible!
The orc wizard is heavily wounded.
The bullfrog is engulfed in noxious fumes.
The bullfrog appears confused.
The orc wizard hits you with a +0 club. The yak gores you!
* * * LOW HITPOINT WARNING * * *
The orc wizard attacks as you move away!
The orc wizard hits you with a +0 club.
You die...

#∩_..###..........
##[....##.........
##..#..##....[...
#####..#......##
###..##.....÷.# ##
###...###....[..#
###.##....###.....†.[#
#...#....###........).
#F.Y@..............<#
#°.o#..####..)....)##
..))).F##..###..........)
.....#. ##.....###.##.###
#... .. ####..# #.##.#
##. ... #..# #..#.## ..
.##. #..# ##....## # ##
## #... ###..(# #.#.
##..#


You could see a yak (confused), 2 bullfrogs and an orc wizard (extremely
poisoned).

Vanquished Creatures
  A hornet (D:8)
  2 wyverns (D:8)
  An ice beast (D:7)
  A black bear (D:5)
  An orc warrior (D:8)
  2 ogres
  2 centaurs
  A phantom (D:4)
  2 bullfrogs
  A necrophage (D:8)
  4 scorpions
  A gnoll sergeant (D:7)
  4 wights (D:8)
  4 crimson imps (D:8)
  2 jellies
  2 orc priests (D:3)
  3 hounds (D:4)
  A sleepcap (D:6)
  4 iguanas
  4 orc wizards
  5 gnolls (D:7)
  7 adders
  A white imp (D:7)
  An ufetubus (D:6)
  3 dart slugs
  18 orcs
  9 bats
  3 endoplasms
  2 giant cockroaches
  5 goblins
  9 hobgoblins
  9 jackals
  3 quokkas
  11 ball pythons
  3 frilled lizards
  5 kobolds
  4 rats
141 creatures vanquished.

Vanquished Creatures (collateral kills)
  A water moccasin (D:7)
  Terence (D:3)
  A hound skeleton (D:8)
3 creatures vanquished.

Grand Total: 144 creatures vanquished

Notes
Turn   | Place    | Note
-------+----------+-------------------------------------------
     0 | D:1      | pokeman the Deep Elf Hedge Wizard began the quest for the
                  | Orb.
     0 | D:1      | Reached XP level 1. HP: 10/10 MP: 7/7
   239 | D:1      | Found a faded altar of an unknown god.
   361 | D:1      | Reached XP level 2. HP: 16/16 MP: 5/9
  1098 | D:1      | Reached skill level 5 in Spellcasting
  1337 | D:2      | Reached XP level 3. HP: 20/20 MP: 6/11
  1343 | D:2      | Learned a level 3 spell: Mephitic Cloud
  1346 | D:2      | Learned a level 2 spell: Call Imp
  1349 | D:2      | Learned a level 2 spell: Blink
  1594 | D:2      | Reached skill level 1 in Armour
  1669 | D:2      | Reached skill level 1 in Fighting
  2047 | D:2      | Reached XP level 4. HP: 25/25 MP: 10/13
  2084 | D:2      | Found a radiant altar of Vehumet.
  2098 | D:2      | Became a worshipper of Vehumet
  2362 | D:3      | Noticed Terence
  2387 | D:3      | Killed Terence
  2560 | D:3      | Found a transporter.
  2561 | D:3      | Noticed Rappanathuk's ghost (amateur HOFi)
  2563 | D:3      | Noticed a phantom
  2684 | D:3      | Found a transporter.
  2900 | D:3      | Reached skill level 1 in Shields
  2900 | D:3      | Reached skill level 6 in Spellcasting
  2900 | D:3      | Reached XP level 5. HP: 29/29 MP: 6/15
  2921 | D:3      | Learned a level 5 spell: Fireball
  3670 | D:4      | Found Omnerydeje's Lightly-Used Armoury.
  3678 | D:4      | Reached skill level 1 in Air Magic
  3734 | D:4      | Reached XP level 6. HP: 34/34 MP: 11/17
  3778 | D:4      | Found Ebu Xack's General Store.
  3780 | D:4      | Found Lanev's Specific Store.
  3788 | D:4      | Bought a potion of curing for 30 gold pieces
  3788 | D:4      | Bought a potion of curing for 30 gold pieces
  3855 | D:4      | Reached skill level 1 in Fire Magic
  3855 | D:4      | Reached skill level 1 in Poison Magic
  4019 | D:4      | Reached skill level 7 in Spellcasting
  4023 | D:4      | Reached * piety under Vehumet
  4023 | D:4      | Offered knowledge of Sandblast by Vehumet.
  4396 | D:4      | Reached XP level 7. HP: 38/38 MP: 16/20
  4506 | D:5      | Entered Level 5 of the Dungeon
  4606 | D:5      | Found a staircase to the Ecumenical Temple.
  4850 | D:5      | Reached skill level 8 in Spellcasting
  5179 | D:5      | Identified the +5 whip "Gathedwi" {venom, rElec rPois Str+4
                  | Dex+3}
  6390 | D:6      | Reached XP level 8. HP: 44/44 MP: 19/22
  6559 | D:7      | Reached skill level 1 in Evocations
  6717 | D:7      | Reached skill level 9 in Spellcasting
  7125 | D:7      | Reached skill level 5 in Conjurations
  7571 | D:8      | Noticed a hornet
  7572 | D:8      | Offered knowledge of Foxfire by Vehumet.
  7573 | D:8      | Reached skill level 10 in Spellcasting
  7573 | D:8      | Reached ** piety under Vehumet
  7582 | D:8      | Killed a hornet
  7589 | D:8      | Reached XP level 9. HP: 7/48 MP: 8/25
  7747 | D:8      | Reached skill level 5 in Fire Magic
  7814 | D:8      | Reached skill level 11 in Spellcasting
  7963 | D:8      | Found a burning altar of Makhleb.
  7998 | D:8      | Slain by an orc wizard

Illustrated notes

Levels and vault maps discovered:
D:1:      tarquinn_simple_flora_water_c, layout_basic,
          shapermc_ecumenical_altar_mp_ritualfount
D:2:      layout_basic, serial_aquarium, aquarium_bridge_island_small
          [aquarium_subvault_small_open, aquarium_subvault_wall,
          aquarium_subvault_bridge, aquarium_subvault_wall,
          aquarium_subvault_bridge], aquarium_window_1, aquarium_window_fake,
          aquarium_window_3, aquarium_view_2c, aquarium_view_2d,
          aquarium_balcony_5b, aquarium_pool_S, basic_altar
D:3:      layout_basic, gammafunk_ghost_mausoleum, uniq_terence
D:4:      layout_basic, nicolae_specific_store, minmay_shop_damaged,
          nicolae_figureground_pulse
D:5:      layout_basic, minmay_temple_entry_stoned_glass, serial_glass,
          glass_columns_a, glass_columns_c, feat_on_display,
          due_unseen_surprise, minmay_strange_pillars, item_on_display_b
D:6:      layout_rooms
D:7:      layout_basic
D:8:      layout_rooms, led_xom_imps, makhleb_blood_cavern_becter, special_room
          [special_room_orc], chequers_jeans

Skill      XL: |  1  2  3  4  5  6  7  8  9 |
---------------+----------------------------+-----
Spellcasting   | 5 6 7 8 10 11 | 11.4
Armour         | 1 2 |  2.1
Fighting       | 1 2 |  2.0
Conjurations   | 2 3 4 5 6 |  6.2
Dodging        | 3 |  3.0
Shields        | 1 2 3 |  3.0
Stealth        | 3 |  3.0
Air Magic      | 1 |  1.0
Fire Magic     | 2 3 4 5 |  5.5
Poison Magic   | 1 |  1.2
Evocations     | 1 |  1.0
Summonings     | |  1.1
Translocations | |  1.1

Action                     |  1- 3 |  4- 6 |  7- 9 || total
---------------------------+-------+-------+-------++-------
  Melee: Dagger            |     9 |    12 |       ||    21
         Rapier            |       |    17 |    19 ||    36
         Whip              |       |       |    83 ||    83
         Punch             |       |       |     2 ||     2
   Cast: Magic Dart        |    90 |   119 |   146 ||   355
         Mephitic Cloud    |       |     6 |    26 ||    32
         Call Imp          |       |     1 |     6 ||     7
         Fireball          |       |       |     1 ||     1
  Evoke: Wand              |       |       |     1 ||     1
   Stab: Sleeping          |     1 |       |       ||     1
         Confused          |       |     2 |    12 ||    14
 Armour: Robe              |       |    13 |    41 ||    54
  Dodge: Dodged            |    15 |    31 |    89 ||   135

Table legend: (Time is in decaauts)
 A = Elapsed time spent in this place.
 B = Non-inter-level travel time spent in this place.
 C = Inter-level travel time spent in this place.
 D = Time resting spent in this place.
 E = Time spent auto-exploring this place.
 F = Levels seen in this place.
 G = Mean time per level.
                   A        B        C        D        E       F      G
               +--------+--------+--------+--------+--------+-----+--------+
         Total |   8013 |   7683 |    330 |    215 |   6426 |   8 | 1001.6 |
       Dungeon |   8013 |   7683 |    330 |    215 |   6426 |   8 | 1001.6 |
               +--------+--------+--------+--------+--------+-----+--------+

Top non-repeatable levels by time:
     D:5: 1435 daAuts
     D:1: 1332 daAuts
     D:4: 1153 daAuts
     D:7: 1142 daAuts
     D:3: 1015 daAuts
     D:2: 1007 daAuts
     D:6: 617 daAuts
     D:8: 309 daAuts
